 Dungeon Crawl Stone Soup version 0.19.1-1-g22dce08 (webtiles) character file.

176081 kae the Bludgeoner (level 18, 0/147 HPs)
             Began as a Formicid Fighter on Jan 12, 2017.
             Was the Champion of Okawaru.
             Succumbed to a naga ritualist's toxic radiance
             ... on level 4 of the Snake Pit.
             The game lasted 00:48:20 (32750 turns).

kae the Bludgeoner (Formicid Fighter)              Turns: 32750, Time: 00:48:21

Health: 0/147      AC: 44    Str: 29    XL:     18   Next: 78%
Magic:  27/28      EV: 15    Int: 10    God:    Okawaru [******]
Gold:   2883       SH: 26    Dex: 16    Spells: 0 memorised, 17 levels left

rFire  . . .     SeeInvis +     X - +7 morningstar of Laceration {crush, rElec rN+ Str+2}
rCold  . . .     Gourm    .     m - +4 crystal plate armour of Fun and Games {rElec}
rNeg   + . .     Faith    .     Q - +2 large shield {AC+3}
rPois  .         Spirit   .     (helmet unavailable)
rElec  +         Reflect  .     R - +2 cloak {+Inv}
rCorr  +         Harm     .     T - +1 pair of gloves "Sugejeh" {rCorr Dex+6}
MR     ++...                    Z - +2 pair of boots {run}
Stlth  ..........               V - amulet of regeneration
                                S - ring of protection from magic
                                i - +3 ring of evasion

@: lethally poisoned (0 -> -9), heroism, quick
A: permanent stasis, dig shafts and tunnels, four strong arms, antennae 3
a: Dig, Shaft Self, Heroism, Finesse, Renounce Religion, Evoke Invisibility


You were on level 4 of the Snake Pit.
You worshipped Okawaru.
Okawaru was exalted by your worship.
You were near starving.

You visited 4 branches of the dungeon, and saw 27 of its levels.
You also visited: Ice Cave and Volcano.

You collected 2979 gold pieces.
You spent 96 gold pieces at shops.

Inventory:

Hand Weapons
 C - the +9 whip "Qeefutt" {elec, Str+2 Int+3}
   (You found it on level 1 of the Lair of Beasts)

   Occasionally, upon striking a foe, it will discharge some electrical energy
   and cause terrible harm.
   It affects your strength (+2).
   It affects your intelligence (+3).
 X - the +7 morningstar of Laceration (weapon) {crush, rElec rN+ Str+2}
   (You found it on level 1 of the Snake Pit)

   It inflicts extra damage upon your enemies.
   It affects your strength (+2).
   It insulates you from electricity.
   It protects you from negative energy.
Missiles
 H - 5 throwing nets (quivered)
Armour
 m - the +4 crystal plate armour of Fun and Games (worn) {rElec}
   (Okawaru gifted it to you on level 2 of the Snake Pit)

   It insulates you from electricity.
 D - the +6 chain mail "Xeamyit" {rC++}
   (You found it on level 4 of the Dungeon)

   It greatly protects you from cold.
 I - the +18 shield of the Gong {rElec rN+ MR+ EV-5}
   (You found it in an ice cave)

   It affects your evasion (-5).
   It insulates you from electricity.
   It protects you from negative energy.
   It affects your resistance to hostile enchantments.
 Q - a +2 large shield of protection (worn)
 R - a +2 cloak of invisibility (worn)
 T - the +1 pair of gloves "Sugejeh" (worn) {rCorr Dex+6}
   (Okawaru gifted it to you on level 11 of the Dungeon)

   It affects your dexterity (+6).
   It protects you from acid and corrosion.
 Z - a +2 pair of boots of running (worn)
Jewellery
 g - an uncursed amulet of faith
 i - a +3 ring of evasion (left hand)
 P - an uncursed ring of magical power
 S - a ring of protection from magic (right hand)
 V - an amulet of regeneration (around neck)
Wands
 b - a wand of disintegration (18/24)
 A - a wand of lightning (11/15)
Scrolls
 d - 2 scrolls of enchant armour
 e - 11 scrolls of identify
 r - 4 scrolls of enchant weapon
 u - 7 scrolls of remove curse
 y - 2 scrolls of fear
 z - 5 scrolls of amnesia
 K - a scroll of summoning
 L - a scroll of holy word
 M - 3 scrolls of recharging
 W - 2 scrolls of brand weapon
Potions
 h - 9 potions of curing
 j - a potion of mutation
 k - 3 potions of agility
 l - 6 potions of heal wounds
 n - 5 potions of magic
 p - 3 potions of flight
 q - a potion of cure mutation
 s - a potion of lignification
 t - 4 potions of invisibility
 w - 6 potions of brilliance
 B - a potion of resistance
 O - a potion of ambrosia
Books
 a - a book of Unlife

   Spells                             Type                      Level
   a - Recall                         Summoning/Translocation      3
   b - Animate Dead                   Necromancy                   4
   c - Control Undead                 Necromancy                   4
   d - Cigotuvi's Embrace             Necromancy                   5
   e - Death Channel                  Necromancy                   6
   f - Simulacrum                     Ice/Necromancy               6
 c - a book of Minor Magic

   Spells                             Type                      Level
   a - Magic Dart                     Conjuration                  1
   b - Blink                          Translocation                2
   c - Call Imp                       Summoning                    2
   d - Repel Missiles                 Charms/Air                   2
   e - Slow                           Hexes                        2
   f - Conjure Flame                  Conjuration/Fire             3
   g - Mephitic Cloud                 Conjuration/Poison/Air       3
 v - a book of Flames

   Spells                             Type                      Level
   a - Flame Tongue                   Conjuration/Fire             1
   b - Throw Flame                    Conjuration/Fire             2
   c - Conjure Flame                  Conjuration/Fire             3
   d - Inner Flame                    Hexes/Fire                   3
   e - Sticky Flame                   Conjuration/Fire             4
   f - Fireball                       Conjuration/Fire             5
 E - a book of Enchantments

   Spells                             Type                      Level
   a - Cause Fear                     Hexes                        4
   b - Yara's Violent Unravelling     Hexes/Transmutation          5
   c - Silence                        Hexes/Air                    5
   d - Deflect Missiles               Charms/Air                   6
   e - Discord                        Hexes                        8
 G - a Young Poisoner's Handbook

   Spells                             Type                      Level
   a - Sting                          Conjuration/Poison           1
   b - Mephitic Cloud                 Conjuration/Poison/Air       3
   c - Olgreb's Toxic Radiance        Poison                       4
   d - Alistair's Intoxication        Transmutation/Poison         5
   e - Venom Bolt                     Conjuration/Poison           5
 N - a book of Spatial Translocations

   Spells                             Type                      Level
   a - Blink                          Translocation                2
   b - Shroud of Golubria             Charms/Translocation         2
   c - Lesser Beckoning               Translocation                3
   d - Portal Projectile              Translocation                3
   e - Teleport Other                 Translocation                3
   f - Passage of Golubria            Translocation                4
Comestibles
 f - 14 bread rations
 o - 8 meat rations
 U - 43 fruits


   Skills:
 + Level 14.4(19.4) Fighting
 * Level 18.0(23.0) Maces & Flails
 + Level 15.1(20.1) Armour
 + Level 3.8(8.8) Dodging
 - Level 15.0(20.0) Shields
 + Level 14.4 Invocations


You had 17 spell levels left.
You didn't know any spells.

Dungeon Overview and Level Annotations

Branches:
Dungeon (15/15)            Temple (0/1) D:7            Lair (6/6) D:11
  Swamp (0/4) Lair:4        Snake (4/4) Lair:3        Slime (0/5) Lair:6
    Orc (2/2) D:9             Elf (0/3) Orc:2        Vaults (0/5) D:13
 Depths (0/5) D:15

Altars:
Elyvilon
Gozag
Kikubaaqudgha
Makhleb
Okawaru
Ru
Sif Muna
Trog
Uskayaw
Vehumet
Zin
The Shining One
Jiyva

Shops:
Orc:2 *=[(   Snake:3 *%([(}*}


Innate Abilities, Weirdness & Mutations

You are under a permanent stasis effect.
You can dig through walls and to a lower floor.
Your four strong arms can wield two-handed weapons with a shield.
You have a pair of large antennae on your head. (SInv)


Message History

The shock serpent completely resists.
The bolt of electricity hits the shock serpent.
The shock serpent completely resists.
You closely miss the shock serpent.
The shock serpent is severely wounded.
* * * LOW HITPOINT WARNING * * *
You feel sick. The shock serpent closely misses you.
You puncture the shock serpent!
The shock serpent is almost dead.
The shock serpent's electric aura discharges, shocking you!
* * * LOW HITPOINT WARNING * * *
You feel sick. You block the shock serpent's attack.
You sock the shock serpent!
You kill the shock serpent!
Okawaru accepts your kill.
The air sparks with electricity, shocking you!
* * * LOW HITPOINT WARNING * * *
x2 You feel sick.
You swing at nothing.
You die...

##+#.......(.........,,,,,,,*,,,,
......)(((().........,,,,,,,*,,,,
...#.....)...........,,***,,*****
...##......{.........,,* *,,,,,,,
.....#...............,,***,,,,,,,
..............###....,,,*,,,,,,,,
............### *##.,,,,,,,,,,,,,
...........## ###*,,*###,,,,,,,,
............## #@##**#.S##,,,,,**
,............# ##)# *.S..##,,***,
***##........###{####.....#***,,,
** ###........#{{##...{N..**,,,,
,** #.........{{.#...#,,,**,,,,
,,****#............{[.#*{{,*,,,,8
,,,,,..............#†.#**,{,,,,,,
,,,,,.......N......#..#,*{{,,,⌠,,
,,,,,...........#..#..#,*,{,,,,,,


There were no monsters in sight!

Vanquished Creatures
  Vashnia (Snake:2)
  Nikola (Snake:2)
  Donald (Orc:2)
  Kirke (D:13)
  5 nagarajas
  2 orc warlords (Orc:2)
  Louise (Snake:3)
  Aizul (Snake:2)
  An ettin (D:15)
  Snorg (Orc:1)
  A fire dragon (Lair:6)
  Harold (D:10)
  4 naga warriors
  9 hydras
  A catoblepas (D:13)
  5 centaur warriors
  7 anacondas
  2 ogre magi
  12 death yaks
  16 naga sharpshooters
  3 tengu warriors
  2 orc high priests (Orc:2)
  Urug (D:10)
  9 shock serpents
  A salamander mystic (Snake:4)
  A fire crab (Lair:6)
  A hell knight (Volcano)
  A deep troll (D:15)
  6 unseen horrors
  A wizard (D:14)
  7 mana vipers
  An obsidian statue (D:10)
  2 deep elf archers
  6 hill giants
  4 naga ritualists
  A necromancer (IceCv)
  9 orc knights
  5 orc sorcerers
  11 ugly things
  4 deep elf magi
  3 salamanders (Snake:3)
  An oklob plant (Lair:6)
  7 cyclopes
  3 manticores
  29 black mambas
  Joseph (D:7)
  6 elephants
  2 naga magi
  4 ice statues
  5 guardian serpents
  9 molten gargoyles
  Maurice (D:13)
  2 gargoyles
  A smoke demon (Volcano)
  8 spiny frogs
  A rime drake (Lair:5)
  A freezing wraith (D:14)
  A kobold demonologist (D:10)
  11 komodo dragons
  4 yaktaurs
  An efreet (D:15)
  3 meliai (D:15)
  9 ice devils (IceCv)
  7 trolls
  2 tengu conjurers
  10 two-headed ogres
  13 slime creatures
  A hornet (D:14)
  A meliai zombie (D:15)
  14 hippogriffs
  4 dream sheep (Lair:4)
  Sigmund (D:6)
  2 shadows
  2 vampires
  3 wraiths
  60 yaks
  7 hogs
  12 wyverns
  2 fire bats (Volcano)
  3 hungry ghosts
  4 basilisks
  A human (D:7)
  A steam dragon (Lair:6)
  3 vampire mosquitoes
  Grum (D:9)
  3 mottled dragons
  25 nagas
  9 wargs
  3 soldier ants (D:7)
  14 water moccasins
  5 hell hounds
  7 porcupines
  2 black bears (D:9)
  4 ice beasts
  3 sky beasts
  10 wolves
  22 ogres
  48 orc warriors
  A phantom (D:11)
  11 centaurs
  10 crocodiles
  The ghost of Thomus the Magician, an amateur DsWz (D:3)
  13 bullfrogs
  7 big kobolds
  A wyvern zombie (D:10)
  A wyvern skeleton (D:11)
  2 scorpions
  13 killer bees
  10 wights
  2 howler monkeys
  2 electric eels
  6 crimson imps
  12 lava snakes
  A centaur zombie (D:9)
  5 draconian simulacra (IceCv)
  2 bullfrog zombies
  6 hounds
  40 orc wizards
  4 centaur skeletons
  21 orc priests
  Crazy Yiuf (D:5)
  3 jellies
  A bullfrog skeleton (D:9)
  Jessica (D:2)
  19 worker ants
  5 iguanas
  2 troll simulacra (IceCv)
  A spriggan simulacrum (IceCv)
  A killer bee zombie (D:6)
  A hound zombie (D:8)
  2 hound skeletons
  10 gnolls
  An ogre simulacrum (IceCv)
  14 adders
  A naga simulacrum (IceCv)
  7 shadow imps
  12 white imps (Orc:1)
  3 oozes
  2 adder skeletons
  2 adder zombies (D:6)
  3 dart slugs
  5 leopard geckos
  136 orcs
  3 ball pythons
  6 giant cockroaches
  37 goblins
  26 hobgoblins
  5 jackals (D:3)
  10 quokkas
  9 bats
  3 frilled lizards
  33 kobolds
  7 rats
  A fungus (Lair:3)
1115 creatures vanquished.

Vanquished Creatures (collateral kills)
  2 spiny frogs (Lair:2)
  2 yaks (Lair:2)
4 creatures vanquished.

Vanquished Creatures (others)
  A gargoyle (D:11)
  3 humans (D:13)
  A sky beast (D:15)
  An orc priest (D:13)
  An orc wizard (D:10)
  An orc (D:13)
  36 fungi
  11 plants
55 creatures vanquished.

Grand Total: 1174 creatures vanquished

Notes
Turn   | Place    | Note
-------+----------+-------------------------------------------
     0 | D:1      | kae the Formicid Fighter began the quest for the Orb.
     0 | D:1      | Reached XP level 1. HP: 18/18 MP: 1/1
    29 | D:1      | Reached XP level 2. HP: 14/24 MP: 2/2
   242 | D:1      | Reached XP level 3. HP: 27/29 MP: 3/3
   590 | D:2      | Noticed Jessica
   606 | D:2      | HP: 1/29 [Jessica/nerve-wracking pain (10)]
   611 | D:2      | You fall through a shaft!
  1193 | D:3      | Noticed Thomus's ghost (amateur DsWz)
  1204 | D:3      | Killed Thomus's ghost
  1204 | D:3      | Reached skill level 3 in Maces & Flails
  1204 | D:3      | Reached XP level 4. HP: 31/37 MP: 4/4
  1204 | D:3      | Reached XP level 5. HP: 35/42 MP: 5/5
  1531 | D:2      | Killed Jessica
  1857 | D:2      | Reached XP level 6. HP: 45/48 MP: 6/6
  2081 | D:3      | Reached skill level 4 in Maces & Flails
  2854 | D:4      | Reached XP level 7. HP: 55/55 MP: 7/7
  2933 | D:4      | Reached skill level 5 in Shields
  3157 | D:5      | Entered Level 5 of the Dungeon
  3165 | D:5      | Reached skill level 5 in Armour
  3353 | D:5      | Reached skill level 5 in Maces & Flails
  3582 | D:5      | Reached skill level 5 in Fighting
  3752 | D:5      | Reached XP level 8. HP: 62/62 MP: 8/8
  3880 | D:5      | Found a runed door.
  3884 | D:5      | Noticed Crazy Yiuf
  3897 | D:5      | Killed Crazy Yiuf
  4003 | D:6      | Found a sacrificial altar of Ru.
  4133 | D:6      | Reached skill level 6 in Maces & Flails
  4183 | D:6      | Noticed Sigmund
  4327 | D:6      | Killed Sigmund
  4529 | D:6      | Found an iron altar of Okawaru.
  4541 | D:6      | Became a worshipper of Warmaster Okawaru
  4569 | D:6      | Reached XP level 9. HP: 51/69 MP: 9/9
  4667 | D:6      | Noticed a two-headed ogre
  4698 | D:6      | Killed a two-headed ogre
  4698 | D:6      | Reached * piety under Okawaru
  4698 | D:6      | Reached skill level 7 in Maces & Flails
  4698 | D:6      | Reached skill level 1 in Invocations
  5963 | D:4      | Got a faintly humming chain mail
  5974 | D:4      | Identified the +6 chain mail "Xeamyit" {rC++} (You found it on level 4 of the Dungeon)
  6347 | D:7      | Found an opulent altar of Gozag.
  6573 | D:7      | Found a runed door.
  6599 | D:7      | Found a runed door.
  6674 | D:7      | Reached ** piety under Okawaru
  6702 | D:7      | Reached skill level 8 in Maces & Flails
  6775 | D:7      | Found a staircase to the Ecumenical Temple.
  6869 | D:7      | Reached XP level 10. HP: 77/77 MP: 12/12
  6975 | D:7      | Noticed Joseph
  7018 | D:7      | Killed Joseph
  7092 | D:7      | Reached *** piety under Okawaru
  7335 | D:7      | Found a bloodstained altar of Trog.
  7403 | D:7      | Reached skill level 9 in Maces & Flails
  7652 | D:8      | Reached skill level 5 in Invocations
  8117 | D:8      | Found a burning altar of Makhleb.
  8117 | D:8      | Found a hide-covered altar of Uskayaw.
  8364 | D:9      | Noticed Grum
  8414 | D:9      | Killed Grum
  8699 | D:9      | Reached **** piety under Okawaru
  8699 | D:9      | Reached XP level 11. HP: 51/86 MP: 15/15
  8914 | D:9      | Found a staircase to the Orcish Mines.
  9102 | D:9      | Noticed a hill giant
  9112 | D:9      | Killed a hill giant
  9135 | D:9      | Reached skill level 10 in Maces & Flails
  9257 | D:9      | Found an ancient bone altar of Kikubaaqudgha.
  9257 | D:9      | Found a radiant altar of Vehumet.
  9307 | D:9      | Found a deep blue altar of Sif Muna.
  9465 | D:9      | Identified Vehumet's Handbook of Attacks
  9669 | D:9      | Found a glowing silver altar of Zin.
  9669 | D:9      | Found a glowing golden altar of the Shining One.
  9670 | D:9      | Found a white marble altar of Elyvilon.
 10015 | D:9      | Reached ***** piety under Okawaru
 10072 | D:10     | Entered Level 10 of the Dungeon
 10528 | D:10     | Noticed a hill giant
 10548 | D:10     | Killed a hill giant
 10548 | D:10     | Received a gift from Okawaru
 10705 | D:10     | Noticed Harold
 10713 | D:10     | Killed Harold
 10763 | D:10     | Noticed a hill giant
 10781 | D:10     | Killed a hill giant
 10965 | D:10     | Noticed a sixfirhy
 10988 | D:10     | Noticed Urug
 11231 | D:10     | Killed Urug
 11231 | D:10     | Received a gift from Okawaru
 11231 | D:10     | Reached XP level 12. HP: 68/95 MP: 17/17
 11518 | D:10     | Reached skill level 11 in Maces & Flails
 12480 | D:11     | Reached skill level 10 in Shields
 12725 | D:11     | Noticed a centaur warrior
 12736 | D:11     | Reached skill level 10 in Armour
 12750 | D:11     | Killed a centaur warrior
 12933 | D:11     | Received a gift from Okawaru
 12958 | D:11     | Got a pair of dazzling gloves {god gift}
 12964 | D:11     | Identified the +1 pair of gloves "Sugejeh" {rCorr Dex+6} (Okawaru gifted it to you on level 11 of the Dungeon)
 13175 | D:11     | Found a staircase to the Lair.
 14162 | D:11     | Reached skill level 10 in Fighting
 14173 | D:11     | Reached skill level 12 in Maces & Flails
 14236 | D:11     | Reached XP level 13. HP: 72/103 MP: 19/19
 15236 | Lair:1   | Entered Level 1 of the Lair of Beasts
 15842 | Lair:1   | Received a gift from Okawaru
 16270 | Lair:1   | Got a scorched whip
 16271 | Lair:1   | Identified the +9 whip "Qeefutt" {elec, Str+2 Int+3} (You found it on level 1 of the Lair of Beasts)
 17020 | Lair:2   | Reached skill level 13 in Maces & Flails
 17051 | Lair:2   | Found a dark tunnel.
 17273 | Volcano  | Entered a volcano
 17640 | Volcano  | Found a bloodstained altar of Trog.
 18185 | Lair:3   | Found a staircase to the Snake Pit.
 18198 | Lair:3   | Reached XP level 14. HP: 110/111 MP: 21/21
 18460 | Lair:3   | Reached skill level 10 in Invocations
 19152 | Lair:4   | Found a staircase to the Swamp.
 20316 | Lair:5   | Received a gift from Okawaru
 20316 | Lair:5   | Reached skill level 14 in Maces & Flails
 20735 | Lair:6   | Entered Level 6 of the Lair of Beasts
 20823 | Lair:6   | Found a viscous altar of Jiyva.
 20823 | Lair:6   | Found a staircase to the Slime Pits.
 21223 | Lair:6   | Found a large runed door.
 21223 | Lair:6   | Found a large runed door.
 21285 | Lair:6   | Received a gift from Okawaru
 21290 | Lair:6   | Reached XP level 15. HP: 104/120 MP: 20/23
 22825 | D:12     | Reached skill level 15 in Maces & Flails
 23152 | D:13     | Received a gift from Okawaru
 23233 | D:13     | Found a gate to the Vaults.
 23299 | D:13     | Noticed Maurice
 23306 | D:13     | Killed Maurice
 23365 | D:13     | Noticed Kirke
 23399 | D:13     | Killed Kirke
 23399 | D:13     | Received a gift from Okawaru
 23744 | D:13     | Reached ****** piety under Okawaru
 23774 | D:13     | Reached XP level 16. HP: 60/129 MP: 24/24
 24439 | D:14     | Received a gift from Okawaru
 24753 | D:15     | Entered Level 15 of the Dungeon
 25144 | D:15     | Reached skill level 16 in Maces & Flails
 25329 | D:15     | Received a gift from Okawaru
 25350 | D:15     | Got a pair of ichor-stained boots {god gift}
 25356 | D:15     | Identified the +1 pair of boots of the Enchanted Forest {Int+6 Stlth+} (Okawaru gifted it to you on level 15 of the Dungeon)
 25372 | D:15     | Found a staircase to the Depths.
 26210 | Orc:1    | Entered Level 1 of the Orcish Mines
 26260 | Orc:1    | Found a frozen archway.
 26346 | IceCv    | Entered an ice cave
 27021 | Orc:1    | Noticed Snorg
 27030 | Orc:1    | Killed Snorg
 27079 | Orc:2    | Entered Level 2 of the Orcish Mines
 27093 | Orc:2    | Reached XP level 17. HP: 137/137 MP: 26/26
 27333 | Orc:2    | Received a gift from Okawaru
 27503 | Orc:2    | Identified a +2 pair of boots of running (Okawaru gifted it to you on level 2 of the Orcish Mines)
 27551 | Orc:2    | Noticed Donald
 27568 | Orc:2    | Killed Donald
 27579 | Orc:2    | Found Badahoa's Jewellery Emporium.
 27612 | Orc:2    | Found Quklinab's General Store.
 27655 | Orc:2    | Bought a scroll of identify for 20 gold pieces
 27883 | Orc:2    | Found Nerotu's Antique Armour Emporium.
 27990 | Orc:2    | Found Yfiniecog's Antique Weapon Emporium.
 27996 | Orc:2    | Found a staircase to the Elven Halls.
 28618 | Snake:1  | Entered Level 1 of the Snake Pit
 28801 | Snake:1  | Got a transparent morningstar
 28806 | Snake:1  | Identified the +7 morningstar of Laceration {crush, rElec rN+ Str+2} (You found it on level 1 of the Snake Pit)
 29231 | Snake:1  | Reached skill level 17 in Maces & Flails
 29533 | Snake:2  | Noticed Nikola
 29552 | Snake:2  | Killed Nikola
 29569 | Snake:2  | Noticed Vashnia
 29583 | Snake:2  | Killed Vashnia
 30008 | Snake:2  | Noticed Aizul
 30017 | Snake:2  | Killed Aizul
 30017 | Snake:2  | Received a gift from Okawaru
 30017 | Snake:2  | Reached skill level 15 in Shields
 30020 | Snake:2  | Got an encrusted crystal plate armour {god gift}
 30096 | Snake:2  | Identified the +4 crystal plate armour of Fun and Games {rElec} (Okawaru gifted it to you on level 2 of the Snake Pit)
 30780 | Snake:3  | Reached skill level 1 in Dodging
 30784 | Snake:3  | Reached XP level 18. HP: 146/146 MP: 28/28
 30797 | Snake:3  | Found Edur's Gadget Shop.
 31060 | Snake:3  | Found Duoclac's General Store.
 31080 | Snake:3  | Bought a scroll of magic mapping for 52 gold pieces
 31167 | Snake:3  | Found Bocruod's Gadget Boutique.
 31215 | Snake:3  | Noticed Louise
 31230 | Snake:3  | Killed Louise
 31256 | Snake:3  | Found Tuuscheat's Weapon Shop.
 31260 | Snake:3  | Found Fanoust's Assorted Antiques.
 31263 | Snake:3  | Found Muinul Hese's Armour Shop.
 31278 | Snake:3  | Bought a scroll labeled ATWURGH ZIOFIAJ for 24 gold pieces
 31279 | Snake:3  | Found Zucuuz's Food Shop.
 31419 | Snake:3  | Found Ilyec's Weapon Shoppe.
 32053 | Snake:3  | Reached skill level 15 in Armour
 32371 | Snake:4  | Entered Level 4 of the Snake Pit
 32610 | Snake:4  | Received a gift from Okawaru
 32723 | Snake:4  | Reached skill level 18 in Maces & Flails
 32748 | Snake:4  | HP: 7/147 [poisoned by a naga ritualist (toxic radiance)]
 32749 | Snake:4  | HP: 2/147 [something (5)]
 32750 | Snake:4  | Succumbed to a naga ritualist's toxic radiance

Skill      XL: |  1  2  3  4  5  6  7  8  9 10 11 12 13 14 15 16 17 18 |
---------------+-------------------------------------------------------+-----
Maces & Flails | 3 4 5 6 8 9 10 12 13 14 15 16 17 18 | 18.0
Armour         | 4 5 6 7 8 9 10 11 12 13 14 15 | 15.1
Shields        | 4 5 6 7 8 9 10 11 12 13 14 15 | 15.0
Fighting       | 4 5 6 8 9 10 11 12 13 14 | 14.4
Invocations    | 3 5 7 8 9 10 11 12 13 14 | 14.4
Dodging        | 1 3 |  3.8

Action                   |  1- 3 |  4- 6 |  7- 9 | 10-12 | 13-15 | 16-18 || total
-------------------------+-------+-------+-------+-------+-------+-------++-------
Melee: Flail             |   164 |   172 |   643 |   921 |       |       ||  1900
       Mace              |       |       |       |   531 |   377 |       ||   908
       Whip              |       |       |       |       |  1177 |  1182 ||  2359
       Morningstar       |       |       |       |       |       |   549 ||   549
Invok: Heroism           |       |       |     3 |    28 |    19 |    15 ||    65
 Abil: Dig               |     1 |     1 |     8 |    17 |    14 |    23 ||    64
       Shaft Self        |     1 |       |       |       |       |       ||     1
Evoke: Wand              |       |       |       |       |     3 |       ||     3
  Use: Scroll            |     4 |     5 |     7 |     3 |    11 |    12 ||    42
       Potion            |     1 |       |       |     1 |     1 |     1 ||     4
 Stab: Distracted        |       |       |       |     1 |       |       ||     1
       Petrified         |       |       |       |       |     4 |       ||     4
  Eat: Chunk             |     2 |     5 |    14 |    27 |    28 |    16 ||    92
       Fruit             |       |       |     1 |       |       |       ||     1
       Meat ration       |       |       |       |     1 |     1 |     2 ||     4
       Pizza             |       |       |       |     1 |       |     2 ||     3
       Beef jerky        |       |       |       |       |     1 |       ||     1
       Royal jelly       |       |       |       |       |       |     1 ||     1
Armor: Scale mail        |    55 |    43 |   221 |       |       |       ||   319
       Chain mail        |       |       |    53 |   495 |   307 |   200 ||  1055
       Skin              |       |       |       |       |     2 |       ||     2
       Crystal plate arm |       |       |       |       |       |   140 ||   140
Dodge: Dodged            |    77 |    88 |   369 |   559 |   283 |   238 ||  1614
Block: Shield            |   105 |   119 |   388 |   820 |   444 |       ||  1876
       Large shield      |       |       |       |       |   237 |  1367 ||  1604
